 Dungeon Crawl Stone Soup version 0.25-b1-29-g4cfa5c7 (webtiles) character file.

Game seed: 14922023904501747386, levelgen mode: deterministic

399 Dorkslayer the Chopper (level 6, -2/56 HPs)
             Began as a Hill Orc Fighter on June 1, 2020.
             Engulfed by Ijyb's freezing vapour (13 damage)
             ... on level 4 of the Dungeon.
             The game lasted 00:11:34 (2519 turns).

Dorkslayer the Chopper (Hill Orc Fighter)           Turns: 2519, Time: 00:11:34

Health: -2/56      AC: 11    Str: 21    XL:     6   Next: 84%
Magic:  6/6        EV:  6    Int:  8    God:
Gold:   128        SH:  9    Dex: 10    Spells: 5/5 levels left

rFire    . . .     SeeInvis .   a - +0 war axe
rCold    . . .     Gourm    .   c - +0 kite shield
rNeg     . . .     Faith    .   t - +0 chain mail
rPois    .         Spirit   .   v - +0 helmet
rElec    .         Reflect  .   u - +0 cloak
rCorr    .         Harm     .   (no gloves)
MR       .....                  (no boots)
Stlth    ..........             (no amulet)
HPRegen  0.18/turn              (no ring)
MPRegen  0.10/turn              (no ring)

@: no status effects
A: no striking features
a: no special abilities


You were on level 4 of the Dungeon.
You were not hungry.

You visited 1 branch of the dungeon, and saw 4 of its levels.

You collected 128 gold pieces.

Inventory:

Hand Weapons
 a - a +0 war axe (weapon)
Missiles
 o - 5 boomerangs (quivered)
Armour
 c - a +0 kite shield (worn)
 t - a +0 chain mail (worn)
 u - a +0 cloak (worn)
 v - a +0 helmet (worn)
Scrolls
 g - a scroll of teleportation
 k - 2 scrolls of amnesia
 l - a scroll of magic mapping {unknown}
 p - a scroll of random uselessness {unknown}
 q - a scroll of blinking {unknown}
 w - a scroll of identify
Potions
 d - 2 potions of might
 e - 3 potions of flight
 h - a potion of cancellation {unknown}
 i - a potion of magic {unknown}
 j - a potion of resistance {unknown}
 m - a potion of heal wounds {unknown}
 n - 2 potions of brilliance {unknown}
 r - 2 potions of curing
 s - a potion of degeneration {unknown}
Comestibles
 b - 9 chunks of flesh
 f - 5 rations


   Skills:
 * Level 5.3 Fighting
 + Level 6.2 Axes
 * Level 1.4 Throwing
 + Level 4.1 Armour
 + Level 1.0 Dodging
 + Level 4.1 Shields


You had 5 spell levels left.
You didn't know any spells.
Your spell library was empty.

Dungeon Overview and Level Annotations

Branches:
Dungeon (4/15)
 Temple: D:4-7

Altars:
Cheibriados
Makhleb
Nemelex Xobeh

Annotations:
D:4 Ijyb


Message History

You hit Ijyb.
Ijyb is almost dead.
Ijyb zaps a wand.
Ijyb creates a blast of freezing vapour!
You block Ijyb's attack.
You hit Ijyb but do no damage.
Ijyb is almost dead.
You are engulfed in freezing vapours.
Ijyb grins evilly.
Ijyb zaps a wand.
Ijyb creates a blast of freezing vapour!
You hit Ijyb but do no damage.
Ijyb is almost dead.
You are engulfed in freezing vapours.
* * * LOW HITPOINT WARNING * * *
Ijyb zaps a wand.
Ijyb creates a blast of noxious fumes!
Okay, then.
Okay, then.
You are engulfed in freezing vapours.
You die...

############.####
...............>#
########.###.##.# #.#
#.##.# #.# #.#..#
#.###.#.## #.#...§§#
#)#...§§#########
#.#.....@§§§....#
.########.#.....#§§g....#
.......##.#.....#8g)...8#
.......##'#..÷..#.g.....#
................#8.....8#
.###............#.......#
.###..........#.#8.....8#
............#.#.#.......#
.#..#####.#.#.#.#8.....8#


You could see Ijyb and 2 goblins.

Vanquished Creatures
  An ogre (D:4)
  A scorpion (D:2)
  An iguana (D:2)
  A worker ant (D:4)
  3 gnolls (D:3)
  6 adders
  2 oozes
  An adder skeleton (D:4)
  3 worms
  A dart slug (D:1)
  6 leopard geckos
  3 ball pythons
  5 giant cockroaches
  15 goblins
  16 hobgoblins
  3 jackals (D:3)
  5 quokkas
  17 bats
  3 frilled lizards (D:1)
  9 kobolds
  3 rats
105 creatures vanquished.

Notes
Turn   | Place    | Note
-------+----------+-------------------------------------------
     0 | D:1      | Dorkslayer the Hill Orc Fighter began the quest for the
                  | Orb.
     0 | D:1      | Reached XP level 1. HP: 19/19 MP: 1/1
   163 | D:1      | Reached XP level 2. HP: 18/27 MP: 2/2
   240 | D:1      | Found a sparkling altar of Nemelex Xobeh.
   371 | D:1      | Reached skill level 3 in Axes
   422 | D:1      | Reached XP level 3. HP: 33/33 MP: 3/3
   817 | D:2      | Noticed a scorpion
   827 | D:2      | Killed a scorpion
   827 | D:2      | Reached skill level 4 in Axes
   827 | D:2      | Reached XP level 4. HP: 24/41 MP: 4/4
  1224 | D:2      | Reached XP level 5. HP: 29/47 MP: 5/5
  1302 | D:2      | Reached skill level 5 in Axes
  1503 | D:3      | Found a burning altar of Makhleb.
  1693 | D:3      | Found a snail-covered altar of Cheibriados.
  1839 | D:3      | Reached skill level 5 in Fighting
  1840 | D:3      | Reached XP level 6. HP: 34/56 MP: 6/6
  1882 | D:3      | Reached skill level 1 in Throwing
  2476 | D:4      | Reached skill level 6 in Axes
  2476 | D:4      | Reached skill level 1 in Dodging
  2505 | D:4      | Noticed Ijyb
  2519 | D:4      | Engulfed by Ijyb's freezing vapour

Illustrated notes

Levels and vault maps discovered:
D:1:      psy_arrival_terrarium, layout_basic, st_stairs_4, nemelex_altar_shiori
D:2:      layout_basic, first_ration
D:3:      layout_loops_ring, nicolae_overflow_crystal_walls,
          lightli_temple_of_fire, roderic_batcave
D:4:      kennysheep_the_goblin_king, layout_basic, zin_academy, kennysheep_mini

Skill      XL: |  1  2  3  4  5  6 |
---------------+-------------------+-----
Fighting       | 4 5 |  5.3
Axes           | 3 4 5 6 |  6.2
Armour         | 4 |  4.1
Throwing       | 1 |  1.4
Dodging        | 1 |  1.0
Shields        | 4 |  4.1

Action                   |  1- 3 |  4- 6 || total
-------------------------+-------+-------++-------
Melee: War axe           |   107 |   224 ||   331
Throw: Boomerang         |       |    12 ||    12
  Use: Scroll            |       |     4 ||     4
  Eat: Chunk             |       |     6 ||     6
Armor: Scale mail        |    41 |   106 ||   147
       Chain mail        |       |    15 ||    15
Dodge: Dodged            |    31 |    65 ||    96
Block: Kite shield       |    47 |   136 ||   183
